 Dungeon Crawl Stone Soup version 0.31.0-10-gcf4a605ca0 (webtiles) character file.

Game seed: 12775086685339555365

13775 ssalbiz the Thaumaturge (level 11, 0/68 HPs)
             Began as a Deep Elf Conjurer on Jan 26, 2024.
             Was a Believer of Vehumet.
             Slain by an unseen horror (9 damage)
             ... on level 11 of the Dungeon.
             The game lasted 00:41:11 (14497 turns).

ssalbiz the Thaumaturge (Deep Elf Conjurer)        Turns: 14497, Time: 00:41:11

Health: 0/68       AC: 13    Str:  7    XL:     11   Next: 80%
Magic:  9/28       EV: 16    Int: 28    God:    Vehumet [**....]
Gold:   354        SH:  5    Dex: 13    Spells: 8/32 levels left

rFire   . . .        F - staff of conjuration
rCold   + + .        (no shield)
rNeg    . . .        x - +1 robe {rC+}
rPois   .            h - +0 helmet
rElec   .            y - +0 cloak
rCorr   .            I - +2 pair of gloves {Str+3}
SInv    .            (no boots)
Will    +....        g - amulet of reflection
Stlth   ++           J - ring of protection from cold
HPRegen 0.31/turn    K - +4 ring of protection
MPRegen 0.21/turn

%: reflection
@: no status effects
A: no striking features
a: Renounce Religion


You were on level 11 of the Dungeon.
You worshipped Vehumet.
Vehumet was pleased with you.
You visited 2 branches of the dungeon, and saw 12 of its levels.
You also visited: Bailey.

You collected 815 gold pieces.
You spent 461 gold pieces at shops.

Inventory:

Hand Weapons
 r - a +0 dagger
Missiles
 O - a throwing net
Armour
 h - a +0 helmet (worn)
 x - a +1 robe of cold resistance (worn)
 y - a +0 cloak (worn)
 I - a +2 pair of gloves of strength (worn)
Magical Staves
 F - a staff of conjuration (weapon)
 N - a staff of fire
 R - a staff of air
Jewellery
 a - a ring of flight
 g - an amulet of reflection (around neck)
 k - a ring of willpower
 t - a ring of resist corrosion
 v - a ring of ice
 A - an amulet of regeneration
 J - a ring of protection from cold (left hand)
 K - a +4 ring of protection (right hand)
 M - a ring of willpower
Wands
 C - a wand of flame (15)
 E - a wand of roots (10)
 G - a wand of mindburst (13)
 H - a wand of polymorph (7)
 P - a wand of quicksilver (6)
Scrolls
 d - 6 scrolls of enchant weapon
 e - 3 scrolls of revelation
 f - a scroll of brand weapon
 i - 2 scrolls of fog
 m - 2 scrolls of blinking {unknown}
 p - a scroll of amnesia {unknown}
 q - 3 scrolls of noise {unknown}
 s - 3 scrolls of immolation {unknown}
 u - a scroll of fear {unknown}
 w - 2 scrolls of silence {unknown}
 z - a scroll of poison {unknown}
 B - a scroll of vulnerability {unknown}
 D - 6 scrolls of teleportation {unknown}
 Q - a scroll of summoning {unknown}
 S - a scroll of torment {unknown}
Potions
 c - 7 potions of curing
 j - a potion of enlightenment
 l - 2 potions of resistance
 n - a potion of berserk rage
 L - a potion of brilliance
 U - a potion of might
Miscellaneous
 b - a phial of floods


   Skills:
 + Level 7.7 Fighting
 + Level 7.6 Armour
 - Level 10.0 Dodging
 - Level 2.4 Stealth
 - Level 11.0 Spellcasting
 - Level 10.0 Conjurations
 + Level 3.0 Fire Magic


You had 8 spell levels left.
You knew the following spells:

 Your Spells              Type           Power      Damage    Failure   Level
a - Magic Dart            Conj           100%       1d8       1%          1
b - Searing Ray           Conj           100%       2d8       1%          2
c - Mephitic Cloud        Conj/Alch/Air  50%        N/A       2%          3
d - Fulminant Prism       Conj/Alch      30%        3d15      4%          4
e - Swiftness             Air            15%        N/A       11%         3
f - Iskenderun's Mystic   Conj/Tloc      60%        2d13      4%          4
g - Volatile Blastmotes   Fire/Tloc      46%        2d13      6%          3
h - Sticky Flame          Fire/Alch      23%        2d6       19%         4

Your spell library contained the following spells:

 Spells                   Type           Power      Damage    Failure   Level
 Sandblast                Erth           30%        2d9       3%          1
 Dazzling Flash           Conj/Hex       100%       N/A       1%          3
 Ensorcelled Hibernation  Hex/Ice        30%        N/A       5%          2
 Jinxbite                 Hex            30%        N/A       5%          2
 Passwall                 Erth           15%        N/A       11%         3
 Summon Ice Beast         Ice/Summ       15%        N/A       11%         3
 Ignite Poison            Fire/Alch      23%        N/A       19%         4
 Curse of Agony           Necr           15%        N/A       69%         5
 Silence                  Hex/Air        7%         N/A       69%         5
 Summon Forest            Summ/Tloc      7%         N/A       69%         5
 Summon Mana Viper        Hex/Summ       15%        N/A       69%         5
 Yara's Violent Unravell  Hex/Alch       7%         3d5       69%         5
 Summon Cactus Giant      Summ           7%         N/A       99%         6
 Enfeeble                 Hex            7%         N/A       100%        7
 Monstrous Menagerie      Summ           7%         N/A       100%        7
 Ignition                 Fire           16%        3d6       100%        8


Dungeon Overview and Level Annotations

Branches:
Dungeon (11/15)            Temple (1/1) D:4            Lair (0/5) D:9
 Bailey (visited)
    Orc: D:9-12

Altars:
Ashenzari
Cheibriados
Dithmenos
Elyvilon
Fedhas
Gozag
Hepliaklqana
Kikubaaqudgha
Makhleb
Nemelex Xobeh
Okawaru
Qazlal
Ru
Sif Muna
Trog
Uskayaw
Vehumet
Wu Jian
Xom
Yredelemnul
Zin
The Shining One

Shops:
D:7 !=[(=   D:9 ?

Portals:
Trove: D:10 (give 4 scrolls of blinking)

Annotations:
D:4 1 runed translucent door
D:5 1 runed translucent door, Crazy Yiuf


Message History

Aiming: Searing Ray (safe; 1% risk of failure)
Press: ? - help, Shift-Dir - straight line You feel a surge of power! (Press . to maintain the ray.)
You finish channelling your searing ray.
You start resting.
You hear the crackling of a melting archway.
You see here a +0 robe.
Something hits you. Something hits you. Something hits you but does no damage.
Something hits you.
Something hits you but does no damage. x3
Something hits you but does no damage. Something hits you!
Something closely misses you. Something hits you!
You see here a +0 robe.
Something hits you!
* * * LOW HITPOINT WARNING * * *
Something hits you but does no damage.
Casting: Searing Ray (safe; 1% risk of failure)
Confirm with . or Enter, or press ? or * to list all spells.
Aiming: Searing Ray (safe; 1% risk of failure)
Press: ? - help, Shift-Dir - straight line You feel a surge of power!
The searing ray hits something. (Press . to maintain the ray.)
Something barely misses you. Something closely misses you.
The searing ray hits something.
Something hits you!
* * * LOW HITPOINT WARNING * * *
The searing ray hits something.
Something hits you but does no damage.
The searing ray hits something.
You finish channelling your searing ray.
Something hits you.
* * * LOW HITPOINT WARNING * * *
Casting: Searing Ray (safe; 1% risk of failure)
Confirm with . or Enter, or press ? or * to list all spells.
You don't know that spell.
You barely miss something.
Something hits you but does no damage. x3
You closely miss something. Something hits you.
* * * LOW HITPOINT WARNING * * *
Something hits you!
You die...

*,* #.# ******* *,*
#.# **,,,*,* ***
*,*
#†##*,,,,,,***,**
*,*
#..#*,,∩,,,,,,*,***
*,*
#..#*,,,,,*,****,,*
*,* #..#**,,,****
**,* **,* #..#
***** *,* *,,* #..#
### **,* *,** #..#
#@# *,,* *,* #..#
#{# *,** *,* ##..#
#[# **,* *,* #...##
#.# *,,* *,* #.#..#
#.## *,** *,*
#.##.# #..# *,*
*****# *,* #.*#.#
##.# *,* *,,,,. *,*
#.##.## #.# *,*
*,*,,. *,*
#.#...###.# *,*
*,,,,.


There were no monsters in sight!

Vanquished Creatures
  4 two-headed ogres
  Pikel (D:7)
  A deep elf pyromancer (D:8)
  A cyclops (D:11)
  Maurice (D:7)
  An elephant (D:9)
  Joseph (D:7)
  A komodo dragon (D:10)
  An unseen horror (D:10)
  A troll (D:10)
  A centaur simulacrum (D:11)
  A shadow (D:9)
  2 wyverns
  A wraith (D:8)
  A vampire (D:10)
  A basilisk (D:9)
  8 yaks (D:9)
  2 steam dragons
  Menkaure (D:5)
  A water moccasin (D:7)
  4 acid dragons
  9 orc warriors
  3 sky beasts
  3 black bears
  2 ice beasts
  4 ogres
  14 centaurs
  2 lemures (D:7)
  3 phantoms
  A kobold brigand (D:8)
  Blork the orc (D:4)
  A bullfrog (D:7)
  2 scorpions (D:4)
  13 killer bees
  A vampire bat (D:8)
  4 howler monkeys
  3 bombardier beetles
  5 hounds
  5 orc priests
  A human zombie (D:4)
  3 jellies
  A sleepcap (D:6)
  5 iguanas
  4 orc wizards
  3 gnolls (D:2)
  6 adders
  A shadow imp (D:8)
  2 dart slugs
  48 orcs
  12 ball pythons
  6 bats
  4 bat skeletons
  3 bat zombies (D:8)
  5 endoplasms
  3 giant cockroaches
  12 goblins
  9 hobgoblins
  4 jackals (D:2)
  6 quokkas
  2 ball python skeletons (D:2)
  A ball python zombie (D:2)
  4 frilled lizards
  A jackal skeleton (D:4)
  16 kobolds
  A kobold zombie (D:4)
  A quokka skeleton (D:2)
  7 rats
283 creatures vanquished.

Vanquished Creatures (others)
  34 fulminant prisms
34 creatures vanquished.

Grand Total: 317 creatures vanquished

Notes
Turn   | Place    | Note
-------+----------+-------------------------------------------
     0 | D:1      | ssalbiz the Deep Elf Conjurer began the quest for the Orb.
     0 | D:1      | Reached XP level 1. HP: 10/10 MP: 6/6
   324 | D:1      | Reached XP level 2. HP: 15/15 MP: 4/8
   796 | D:1      | Reached skill level 4 in Spellcasting
   955 | D:1      | Learned a level 2 spell: Searing Ray
  1005 | D:2      | Reached skill level 5 in Conjurations
  1005 | D:2      | Reached XP level 3. HP: 19/19 MP: 7/10
  1249 | D:2      | Reached XP level 4. HP: 24/24 MP: 8/12
  1616 | D:2      | Reached skill level 5 in Spellcasting
  2614 | D:3      | Found an iron altar of Okawaru.
  2628 | D:3      | Found a blossoming altar of Fedhas.
  2755 | D:3      | Found a sparkling altar of Nemelex Xobeh.
  3090 | D:3      | Reached XP level 5. HP: 28/28 MP: 10/15
  3273 | D:4      | Reached skill level 6 in Spellcasting
  3425 | D:4      | Found a glowing golden altar of the Shining One.
  3460 | D:4      | Found a staircase to the Ecumenical Temple.
  3531 | D:4      | Noticed a sky beast
  3536 | Temple   | Entered the Ecumenical Temple
  3554 | D:4      | Noticed Blork the orc
  3559 | D:4      | Killed Blork the orc
  3560 | D:4      | Reached XP level 6. HP: 21/32 MP: 6/17
  3630 | D:4      | Killed a sky beast
  3725 | D:4      | Reached skill level 7 in Spellcasting
  3882 | D:4      | Noticed a human
  3883 | D:4      | Found a runed translucent door.
  3956 | D:4      | Found a basalt altar of Yredelemnul.
  4084 | D:4      | Reached XP level 7. HP: 23/36 MP: 13/19
  4606 | D:4      | Reached skill level 8 in Spellcasting
  4653 | D:4      | Learned a level 3 spell: Mephitic Cloud
  4658 | D:4      | Learned a level 4 spell: Fulminant Prism
  4662 | D:4      | Learned a level 3 spell: Swiftness
  4667 | D:4      | Learned a level 4 spell: Iskenderun's Mystic Blast
  4722 | D:5      | Entered Level 5 of the Dungeon
  4908 | D:5      | Reached skill level 9 in Spellcasting
  4913 | D:5      | Reached XP level 8. HP: 41/41 MP: 10/23
  5250 | D:5      | Noticed Menkaure
  5264 | D:5      | Killed Menkaure
  5361 | D:5      | Reached skill level 10 in Spellcasting
  5482 | D:5      | Found a runed translucent door.
  5483 | D:5      | Noticed Crazy Yiuf
  6561 | D:6      | Reached skill level 11 in Spellcasting
  6561 | D:6      | Reached skill level 10 in Conjurations
  6792 | D:6      | Reached XP level 9. HP: 46/46 MP: 18/26
  6877 | D:7      | Reached skill level 1 in Fighting
  6882 | D:7      | Reached skill level 1 in Armour
  6898 | D:7      | Found Siag's Distillery.
  6908 | D:7      | Bought 2 potions of curing for 78 gold pieces
  6908 | D:7      | Bought a potion of heal wounds for 65 gold pieces
  7070 | D:7      | Noticed Maurice
  7103 | D:7      | Found Seongile's Jewellery Emporium.
  7119 | D:7      | Identified the orb of Zoidwo {*Rage, Int+2 Ice}
  7133 | D:7      | Noticed Joseph
  7133 | D:7      | Killed Maurice
  7140 | D:7      | Killed Joseph
  7141 | D:7      | Reached skill level 5 in Dodging
  7146 | D:7      | Noticed Pikel
  7163 | D:7      | Found a flagged portal.
  7172 | Bailey   | Entered a bailey
  8237 | Bailey   | Reached XP level 10. HP: 46/56 MP: 22/27
  8832 | D:7      | Killed Pikel
  8971 | D:7      | Found Anumpar's Antique Weapon Shoppe.
  9018 | D:7      | Found Nofutt's Jewellery Emporium.
  9119 | D:7      | Found Naikloq's Armour Boutique.
  9125 | D:7      | Bought a +2 pair of gloves of strength for 258 gold pieces
  9188 | D:7      | Found a radiant altar of Vehumet.
  9294 | D:7      | Became a worshipper of Vehumet
  9342 | D:7      | Found a snail-covered altar of Cheibriados.
  9343 | D:7      | Found a burning altar of Makhleb.
  9810 | D:8      | Reached skill level 5 in Fighting
  9810 | D:8      | Reached skill level 5 in Armour
 10275 | D:8      | Reached * piety under Vehumet
 10275 | D:8      | Offered knowledge of Kiss of Death by Vehumet.
 10394 | D:8      | Noticed a deep elf pyromancer
 10458 | D:8      | Killed a deep elf pyromancer
 10471 | D:8      | Noticed a two-headed ogre
 10478 | D:8      | Killed a two-headed ogre
 10645 | D:8      | Found an ancient bone altar of Kikubaaqudgha.
 10774 | D:8      | Identified the +11 mace "Luupuehi" {venom, Stlth+}
 11014 | D:8      | Identified the +1 steam dragon scales "Teli" {Dex+2}
 11335 | D:9      | Noticed a two-headed ogre
 11344 | D:9      | Killed a two-headed ogre
 11345 | D:9      | Reached XP level 11. HP: 62/64 MP: 16/28
 11492 | D:9      | Noticed a two-headed ogre
 11503 | D:9      | Killed a two-headed ogre
 11589 | D:9      | Found a staircase to the Lair.
 11760 | D:9      | Found Coash's Magic Scroll Emporium.
 11763 | D:9      | Offered knowledge of Sandblast by Vehumet.
 11764 | D:9      | Bought a scroll of identify for 30 gold pieces
 11764 | D:9      | Bought a scroll of identify for 30 gold pieces
 11869 | D:9      | Reached ** piety under Vehumet
 12136 | D:9      | Found a broken altar of Ashenzari.
 12440 | D:9      | Reached skill level 10 in Dodging
 12669 | D:9      | Learned a level 3 spell: Volatile Blastmotes
 13127 | D:10     | Entered Level 10 of the Dungeon
 13407 | D:10     | Learned a level 4 spell: Sticky Flame
 13652 | D:10     | Reached skill level 1 in Fire Magic
 13978 | D:10     | Found a portal to a secret trove of treasure.
 14342 | D:11     | Noticed a two-headed ogre
 14353 | D:11     | Killed a two-headed ogre
 14423 | D:11     | HP: 1/68 [acid dragon (8)]
 14497 | D:11     | Slain by an unseen horror

Illustrated notes

Levels and vault maps discovered:
D:1:      minmay_arrival_stair_chambers, layout_rooms, minmay_crystal_water,
          minmay_misc_feat_chi, minmay_domino_4
D:2:      layout_loops_ring, serial_undead, serial_undead_e, serial_undead_c,
          serial_undead_b, serial_undead_e, ebering_dispersal_statue_hall,
          kennysheep_generic_room_4
D:3:      layout_loops_ring, overflow_temple_1_default, general_overflow_altar,
          fedhas_altar_2, kennysheep_generic_room_8
D:4:      layout_layer_cave, marbit_many_paths, dk_yredelemnul_ordeal,
          minmay_temple_entry_offerings, uniq_blork_the_orc
D:5:      layout_loops_corners, uniq_crazy_yiuf_cottage, uniq_menkaure
D:6:      layout_gridville
D:7:      layout_basic, mainiacjoe_overflow_six_doors_small,
          gammafunk_temple_overflow_statue, serial_shops, shop, shop,
          nicolae_shop_real_fake_doors, nicolae_shop_pleasant_corner_grove,
          nicolae_shop_industrial_runoff, enter_bailey_3, uniq_joseph,
          uniq_maurice, uniq_pikel
D:8:      layout_rooms, kennysheep_vampire_church, grunt_decor_cap,
          minmay_the_grid_2x2 [minmay_the_grid_empty, minmay_the_grid_spikes,
          minmay_the_grid_gridbox, minmay_the_grid_prize_trominoes]
D:9:      layout_basic, nicolae_ashenzari_panopticon, david_lair_generic,
          serial_curves, eino_curves_03, eino_curves_01, serial_shops, shop,
          grunt_ogre_cave, chequers_serial_rivers_large_a
D:10:     layout_loops_ring, nicolae_trove_entry_crossroad
D:11:     layout_loops_ring, portal_ice_cave_entry_animals_and_master,
          david_greed
Temple:   nicolae_temple_hex_pool

Skill      XL: |  1  2  3  4  5  6  7  8  9 10 11 |
---------------+----------------------------------+-----
Spellcasting   | 4 5 6 7 9 11 | 11.0
Conjurations   | 5 6 7 8 10 | 10.0
Fighting       | 4 6 7 |  7.7
Dodging        | 6 9 10 | 10.0
Armour         | 3 6 7 |  7.6
Fire Magic     | 3 |  3.0
Stealth        | |  2.4

Action                     |  1- 3 |  4- 6 |  7- 9 | 10-12 || total
---------------------------+-------+-------+-------+-------++-------
  Melee: Unarmed           |     6 |       |       |       ||     6
         Dagger            |       |       |       |     3 ||     3
         Staff             |       |       |       |     2 ||     2
         Punch             |       |       |       |     1 ||     1
   Cast: Magic Dart        |    67 |   109 |   152 |    43 ||   371
         Searing Ray       |     3 |    15 |    42 |    92 ||   152
         Fulminant Prism   |       |       |    17 |    17 ||    34
         Iskenderun's Myst |       |       |       |    36 ||    36
         Mephitic Cloud    |       |       |       |     5 ||     5
         Swiftness         |       |       |       |     2 ||     2
         Volatile Blastmot |       |       |       |     6 ||     6
         Sticky Flame      |       |       |       |     1 ||     1
  Evoke: Wand              |       |       |     3 |     3 ||     6
    Use: Potion            |       |       |       |     4 ||     4
         Scroll            |       |       |       |    10 ||    10
   Stab: Sleeping          |       |       |       |     3 ||     3
 Armour: Robe              |    16 |    14 |    39 |   138 ||   207
  Dodge: Dodged            |    18 |    14 |    30 |   120 ||   182
  Block: Other             |     5 |     1 |     5 |    30 ||    41
         Reflection        |       |       |     1 |     3 ||     4
